cohdb
Replays
Latest Replays
All Replays
Popular Replays
Top Player Replays
Match Explorer
How It Works
Community
CoH3 Stats
Reddit
Sign in to upload your games and track your stats! →
Sign in with Steam
Match 42468094
Unlisted
Match 42468094
Overview
Messages
Build Orders
End
Panzergrenadier Squad
Selects Italian Infantry
250 Light Carrier
Panzergrenadier Squad
Construct Light Support Kompanie
MG34 Team
Fire Support Elements
Flakvierling Half-track
Pak 38 Anti-tank Gun Team
Selects Sound the Alarm
MG34 Team
Selects Prepared Positions
le.IG 18 Mechanized Group
Construct Mechanized Kompanie
StuG III D Assault Gun
StuG III D Assault Gun
Assault Mechanized Group
StuG III D Assault Gun
Emergency Repair Kits
Selects Obice 305mm Barrage
Selects Guastatori Squad
Selects Registered Artillery
Marder III Tank Destroyer
Obice 305mm Barrage
Guastatori Squad
Flakvierling Half-track
Obice 305mm Barrage
A_Smoove
chedca
0
0
Comments
sign in to comment!
No comments posted yet!